 Dungeon Crawl Stone Soup version 0.29-a0-91-gdebf4667c2 (webtiles) character file.

Game seed: 14747561775000577242

61 Hubjo the Sneak (level 3, -1/26 HPs)
             Began as a Vampire Enchanter on Feb 8, 2022.
             Was a Follower of Qazlal.
             Slain by a black bear (10 damage)
             ... on level 3 of the Dungeon.
             The game lasted 00:03:29 (2300 turns).

Hubjo the Sneak (Vampire Enchanter)                 Turns: 2300, Time: 00:03:29

Health: -1/26      AC:  3    Str:  7    XL:     3   Next: 83%
Magic:  6/6        EV: 13    Int: 17    God:    Qazlal [*.....]
Gold:   72         SH:  2    Dex: 16    Spells: 0/6 levels left

rFire   . . .      SeeInvis +   a - +1 dagger
rCold   . . .      Faith    .   (no shield)
rNeg    . . .      Spirit   .   b - +0 robe
rPois   .          Reflect  .   (no helmet)
rElec   .          Harm     .   (no cloak)
rCorr   .          Rampage  .   (no gloves)
Will    .....                   d - +0 pair of boots
Stlth   +++.......              (no amulet)
HPRegen 0.28/turn               (no ring)
MPRegen 0.10/turn               (no ring)

@: healing quickly
A: alive, fangs 3, see invisible, vampiric 2
a: Exsanguinate, Renounce Religion


You were on level 3 of the Dungeon.
You worshipped Qazlal.
Qazlal was aware of your devotion.
You visited 1 branch of the dungeon, and saw 3 of its levels.

You collected 72 gold pieces.

Inventory:

Hand Weapons
 a - a +1 dagger (weapon)
Armour
 b - a +0 robe (worn)
 d - a +0 pair of boots (worn)
Scrolls
 f - a scroll of amnesia
 g - 2 scrolls of teleportation
Potions
 c - a potion of invisibility
 e - a potion of haste
 h - a potion of curing {unknown}
 j - 2 potions of brilliance


   Skills:
 * Level 1.4 Fighting
 + Level 1.7 Short Blades
 + Level 2.7 Dodging
 * Level 5.4 Stealth
 - Level 2.0 Spellcasting
 + Level 4.8 Hexes


You couldn't memorise any spells.
You knew the following spells:

 Your Spells              Type           Power      Damage    Failure   Level
a - Tukima's Dance        Hex            18%        N/A       8%          3
b - Dazzling Flash        Conj/Hex       18%        N/A       22%         3

Your spell library contained the following spells:

 Spells                   Type           Power      Damage    Failure   Level
 Slow                     Hex            72%        N/A       2%          1
 Confusing Touch          Hex            18%        N/A       8%          3
 Ensorcelled Hibernation  Hex/Ice        18%        N/A       11%         2
 Ozocubu's Armour         Ice            1%         N/A       50%         3
 Vampiric Draining        Necr           1%         2d6       50%         3
 Ozocubu's Refrigeration  Ice            0%         4d5       100%        7


Dungeon Overview and Level Annotations

Branches:
Dungeon (3/15)

Altars:
Qazlal


Innate Abilities, Weirdness & Mutations

Your natural rate of healing is accelerated.
You have razor-sharp teeth.
You have supernaturally acute eyesight. (SInv)
You are afflicted with vampirism and can become a bat while bloodless.


Message History

The black bear bites you but does no damage.
The black bear claws you but does no damage. x2
You hit the black bear but do no damage.
The black bear is heavily wounded.
The black bear bites you.
The black bear claws you but does no damage.
The black bear completely misses you.
You barely miss the black bear.
The black bear is heavily wounded.
The black bear bites you but does no damage.
The black bear claws you but does no damage.
The black bear barely misses you.
You hit the black bear but do no damage.
The black bear is heavily wounded.
The black bear bites you but does no damage.
The black bear barely misses you. The black bear claws you.
You hit the black bear.
The black bear is severely wounded.
The black bear bites you but does no damage.
The black bear claws you but does no damage.
The black bear claws you.
You hit the black bear.
The black bear is severely wounded.
The black bear goes berserk!
You hit the black bear.
The black bear is severely wounded.
The black bear bites you but does no damage.
The black bear claws you but does no damage.
The black bear claws you.
You hit the black bear.
The black bear is severely wounded.
The black bear bites you.
The black bear claws you but does no damage.
The black bear claws you.
You hit the black bear.
The black bear is severely wounded.
You feel less wooden.
Your +0 pair of boots unmelds from your body.
Your +0 robe unmelds from your body.
The black bear bites you!
You die...

########.
#........ #@#
# #h###.# #
####Sg.#.##...
#..ooo......#
#.#...<..##.#
#..#.....#
#.##.....#
............
..#.##........


You could see a black bear (berserk), an orc wizard, 2 orcs, a goblin and a ball
python.

Vanquished Creatures
  An adder (D:2)
  A worm (D:2)
  2 dart slugs
  An orc (D:2)
  An endoplasm (D:2)
  4 giant cockroaches
  4 goblins
  2 hobgoblins (D:1)
  4 jackals (D:2)
  4 kobolds
  3 quokkas
  2 ball pythons (D:1)
  5 bats
  3 frilled lizards
  5 rats
42 creatures vanquished.

Notes
Turn   | Place    | Note
-------+----------+-------------------------------------------
     0 | D:1      | Hubjo the Vampire Enchanter began the quest for the Orb.
     0 | D:1      | Reached XP level 1. HP: 13/13 MP: 3/3
   419 | D:1      | Reached XP level 2. HP: 20/20 MP: 5/5
   510 | D:1      | Found a faded altar of an unknown god.
   543 | D:1      | Prayed at the altar of an unknown god.
   543 | D:1      | Became a worshipper of Qazlal Stormbringer
   543 | D:1      | Reached * piety under Qazlal
   837 | D:1      | Reached skill level 1 in Fighting
   837 | D:1      | Reached skill level 5 in Stealth
  1387 | D:2      | Gained mutation: You are afflicted with vampirism and can
                  | become a bat while bloodless. [Vampire growth]
  1387 | D:2      | Reached XP level 3. HP: 14/26 MP: 6/6
  1506 | D:2      | Learned a level 3 spell: Tukima's Dance
  1510 | D:2      | Learned a level 3 spell: Dazzling Flash
  2263 | D:3      | Noticed a black bear
  2300 | D:3      | Slain by a black bear

Illustrated notes

Levels and vault maps discovered:
D:1:      giann_horns, layout_basic, hellmonk_ecumenical_altar_heavens_door
D:2:      minmay_diamond_boxcup, layout_loops_ring, kennysheep_generic_room_10
D:3:      minmay_spotlight, layout_loops_cross

Skill      XL: |  1  2 |
---------------+-------+-----
Fighting       | 1 |  1.4
Stealth        | 5 |  5.4
Short Blades   | |  1.7
Dodging        | |  2.7
Spellcasting   | |  2.0
Hexes          | |  4.8

Action                   || total
-------------------------++-------
Melee: Dagger            ||   211
       Bite              ||    23
       Punch             ||     2
  Use: Scroll            ||     4
       Potion            ||     1
 Stab: Sleeping          ||     6
Armor: Robe              ||    41
       Skin              ||    51
Dodge: Dodged            ||   115
Block: Other             ||    12

Table legend: (Time is in decaauts)
 A = Elapsed time spent in this place.
 B = Non-inter-level travel time spent in this place.
 C = Inter-level travel time spent in this place.
 D = Time resting spent in this place.
 E = Time spent auto-exploring this place.
 F = Levels seen in this place.
 G = Mean time per level.
                   A        B        C        D        E       F      G
               +--------+--------+--------+--------+--------+-----+--------+
         Total |   2283 |   2209 |     74 |      0 |   1823 |   3 |  761.0 |
       Dungeon |   2283 |   2209 |     74 |      0 |   1823 |   3 |  761.0 |
               +--------+--------+--------+--------+--------+-----+--------+

Top non-repeatable levels by time:
     D:1: 1218 daAuts
     D:2: 1030 daAuts
     D:3: 34 daAuts
